 Dungeon Crawl Stone Soup version 0.19.5 (webtiles) character file.

128 Onaxys the Shield-Bearer (level 5, -3/42 HPs)
             Began as a Formicid Fighter on May 11, 2017.
             Killed from afar by snowfan's ghost (6 damage)
             ... with a magic dart
             ... on level 3 of the Dungeon.
             The game lasted 00:04:55 (1881 turns).

Onaxys the Shield-Bearer (Formicid Fighter)         Turns: 1881, Time: 00:04:56

Health: -3/42      AC:  7    Str: 22    XL:     5   Next: 34%
Magic:  5/5        EV:  8    Int: 12    God:
Gold:   113        SH: 10    Dex: 10    Spells: 0 memorised, 4 levels left

rFire  . . .     SeeInvis +     a - +0 long sword
rCold  . . .     Gourm    .     q - +0 scale mail
rNeg   . . .     Faith    .     c - +0 shield
rPois  .         Spirit   .     (helmet unavailable)
rElec  .         Reflect  .     (no cloak)
rCorr  .         Harm     .     (no gloves)
MR     .....                    (no boots)
Stlth  ..........               (no amulet)
                                (no ring)
                                n - +5 ring of intelligence

@: no status effects
A: permanent stasis, dig shafts and tunnels, four strong arms, antennae 3
a: Dig, Shaft Self


You were on level 3 of the Dungeon.
You were not hungry.

You visited 1 branch of the dungeon, and saw 3 of its levels.

You collected 113 gold pieces.

Inventory:

Hand Weapons
 a - a +0 long sword (weapon)
Armour
 c - a +0 shield (worn)
 q - a +0 scale mail (worn)
Jewellery
 n - a +5 ring of intelligence (left hand)
Scrolls
 e - 4 scrolls of identify {unknown}
 g - 2 scrolls of recharging {unknown}
 j - 3 scrolls of remove curse {unknown}
 k - a scroll of fog {unknown}
 l - a scroll of noise {unknown}
 o - a scroll of magic mapping {unknown}
 p - 2 scrolls of amnesia {unknown}
Potions
 d - a potion of might
 h - a potion of cancellation {unknown}
 i - a potion of haste {unknown}
 m - 2 potions of curing {unknown}
 r - a potion of agility {unknown}
Comestibles
 b - 2 meat rations
 f - a bread ration


   Skills:
 + Level 3.9 Fighting
 + Level 3.3 Long Blades
 + Level 3.8 Armour
 + Level 0.6 Dodging
 + Level 0.3 Stealth
 + Level 4.6 Shields


You had 4 spell levels left.
You didn't know any spells.

Dungeon Overview and Level Annotations

Branches:
Dungeon (3/15)

Altars:

Annotations:
D:3 snowfan's ghost, weakling DEWz


Innate Abilities, Weirdness & Mutations

You are under a permanent stasis effect.
You can dig through walls and to a lower floor.
Your four strong arms can wield two-handed weapons with a shield.
You have a pair of large antennae on your head. (SInv)


Message History

You are too injured to fight recklessly!
You are too injured to fight recklessly!
You are too injured to fight recklessly!
You are too injured to fight recklessly!
Snowfan's ghost gestures at you while chanting.
The magic dart hits you!
* * * LOW HITPOINT WARNING * * *
You block snowfan's ghost's attack. Snowfan's ghost casts a spell at you.
The magic dart hits you!
* * * LOW HITPOINT WARNING * * *
Snowfan's ghost gestures at you while chanting.
The magic dart hits you!
A dart slug comes into view.
The dart slug launches a dart at you. The slug dart hits you!
* * * LOW HITPOINT WARNING * * *
Snowfan's ghost points at you and mumbles some strange words.
The magic dart hits you!
You die...

#.#.##.#
#.##....#.#.....#..#
..#.##.#
........#.##.#.....#
#.#.##.#
#.##.................#
..#.##.#
#.#..........#.####...
###.##.#
#.#......W####... ..
....##.# #.#.##....#
##### . ######.#
##.#†##....##
#.####...........#
#....'.....@.....#
######.†...).....#
#...........#
#...........#
#w..........#
#...........#
#...........#
............#


You could see snowfan's ghost and a dart slug.

Vanquished Creatures
  A bullfrog (D:3)
  2 adders (D:2)
  An ooze (D:3)
  A worm (D:2)
  2 dart slugs (D:1)
  A ball python (D:1)
  7 goblins
  6 hobgoblins
  4 kobolds
  A quokka (D:2)
  7 bats
  2 frilled lizards
  3 rats
38 creatures vanquished.

Vanquished Creatures (others)
  A plant (D:1)
1 creature vanquished.

Grand Total: 39 creatures vanquished

Notes
Turn   | Place    | Note
-------+----------+-------------------------------------------
     0 | D:1      | Onaxys the Formicid Fighter began the quest for the Orb.
     0 | D:1      | Reached XP level 1. HP: 18/18 MP: 1/1
   203 | D:1      | Reached XP level 2. HP: 13/24 MP: 2/2
   516 | D:1      | Reached skill level 4 in Shields
   602 | D:1      | Reached XP level 3. HP: 30/30 MP: 3/3
  1243 | D:2      | Reached XP level 4. HP: 36/37 MP: 4/4
  1847 | D:3      | Noticed a bullfrog
  1857 | D:3      | Killed a bullfrog
  1857 | D:3      | Reached XP level 5. HP: 28/42 MP: 5/5
  1867 | D:3      | Noticed snowfan's ghost (weakling DEWz)
  1879 | D:3      | HP: 2/42 [dart slug/slug dart (6)]
  1881 | D:3      | Killed from afar by snowfan's ghost

Skill      XL: |  1  2  3  4 |
---------------+-------------+-----
Shields        | 4 |  4.6
Long Blades    | 3 |  3.3
Fighting       | |  3.9
Armour         | |  3.8
Dodging        | |  0.6
Stealth        | |  0.3

Action                   |  1- 3 |  4- 6 || total
-------------------------+-------+-------++-------
Melee: Long sword        |   151 |    25 ||   176
  Eat: Bread ration      |     1 |       ||     1
Armor: Scale mail        |    45 |     8 ||    53
Dodge: Dodged            |    30 |     7 ||    37
Block: Shield            |    75 |    19 ||    94
       Rpst.: Long sword |     6 |     5 ||    11
